Map: Dusk Towers

Players

Elroye

  • Race: Zerg Zerg

PRIMELOT - Winner!

  • Race: Protoss Protoss
  • League: Grandmaster

Event: DreamHack ZOWIE Open Leipzig

VOD

Have the link to the VOD?

Description

Time

  • Played on: Jan. 22, 2016, 8:08 a.m.
  • Length: 15:46

All games in this series

Show
View Real Time Build Order
Export as new Build Order

Elroye Zerg 

Build Orders: 3 Hatch before Pool, Muta Ling Bane 

Get SALT Encoding   

  12  0:01  Drone  
  13  0:12  Overlord  
  13  0:17  Drone  
  14  0:30  Drone  
  14  0:31  Drone  
  14  0:34  Drone  
  17  0:51  Hatchery  
  17  0:55  Drone  
  17  1:03  Drone  
  18  1:18  Hatchery  
  18  1:21  Drone  
  18  1:23  Drone  
  19  1:30  Extractor  
  18  1:38  Spawning Pool  
  17  1:40  Drone  
  17  1:43  Drone  
  19  1:49  Drone  
  20  2:00  Drone  
  21  2:03  Drone  
  22  2:13  Drone  
  22  2:14  Drone  
  24  2:24  Queen x2  
  24  2:28  Overlord  
  28  2:33  Metabolic Boost  
  28  2:34  Zergling x2  
  29  2:37  Drone  
  29  2:38  Drone  
  29  2:42  Drone  
  32  2:50  Drone x2  
  34  2:53  Zergling x4  
  34  2:57  Queen  
  38  3:00  Drone  
  38  3:03  Drone  
  38  3:05  Overlord  
  40  3:17  Drone x2  
  42  3:20  Overlord  
  42  3:26  Drone x3  
  45  3:29  Drone  
  46  3:34  Drone  
  46  3:35  Drone  
  46  3:37  Spore Crawler  
  46  3:39  Drone x2  
  49  3:41  Drone, Queen  
  49  3:46  Zergling x4  
  49  3:47  Zergling x2  
  52  3:49  Spore Crawler  
  52  3:54  Drone  
  50  3:56  Drone  
  49  4:03  Zergling x2  
  49  4:07  Drone  
  49  4:13  Overlord, Extractor  
  49  4:14  Drone  
  49  4:18  Drone  
  50  4:28  Extractor  
  50  4:29  Drone, Overlord, Extractor  
  49  4:33  Drone x5  
  49  4:34  Drone x3, Overlord  
  49  4:38  Drone  
  57  4:39  Extractor  
  57  4:41  Evolution Chamber  
  55  4:46  Drone x2  
  55  4:49  Lair  
  55  4:50  Drone  
  57  4:56  Spore Crawler, Extractor  
  57  4:58  Drone x5, Spore Crawler  
  54  5:06  Drone  
  57  5:11  Drone x3  
  60  5:14  Drone x3  
  60  5:15  Zerg Melee Weapons Level 1  
  60  5:20  Roach Warren, Extractor x2, Zergling x2  
  61  5:22  Drone  
  61  5:23  Drone  
  61  5:27  Drone x2  
  65  5:29  Drone  
  65  5:34  Overlord x2  
  66  5:36  Overlord  
  66  5:49  Drone, Spire  
  66  5:52  Overlord  
  66  5:53  Drone  
  66  5:54  Drone x4  
  71  5:57  Drone x2  
  71  5:59  Drone  
  73  6:07  Zergling x4  
  73  6:08  Zergling x10  
  77  6:12  Queen  
  77  6:15  Drone  
  80  6:18  Glial Reconstitution  
  80  6:21  Drone  
  80  6:22  Roach x3  
  87  6:32  Roach x2  
  91  6:37  Roach  
  91  6:38  Roach x2  
  91  6:39  Overlord  
  97  6:40  Hatchery, Overseer  
  97  6:42  Overlord  
  92  7:01  Mutalisk  
  92  7:02  Mutalisk x3  
  92  7:03  Corruptor x3  
  92  7:07  Drone x2  
  108  7:11  Baneling Nest  
  108  7:14  Drone  
  108  7:15  Mutalisk x2, Corruptor  
  108  7:20  Overlord x2  
  108  7:21  Zergling x2  
  113  7:30  Zerg Flyer Weapons Level 1  
  113  7:32  Zerg Melee Weapons Level 2  
  113  7:36  Evolution Chamber  
  112  7:40  Corruptor x3  
  112  7:42  Zergling x6  
  112  7:43  Zergling x6  
  124  7:45  Overlord  
  124  7:46  Overlord  
  124  7:48  Drone x2  
  124  7:49  Drone  
  124  7:50  Drone  
  128  7:54  Drone  
  128  7:55  Drone x2  
  128  7:58  Corruptor  
  133  8:00  Ravager x2  
  133  8:05  Centrifical Hooks  
  135  8:08  Zergling x8  
  138  8:19  Drone x8  
  143  8:29  Zerg Ground Armor Level 1  
  143  8:43  Overlord x3  
  143  8:48  Infestation Pit  
  143  8:50  Corruptor  
  143  8:53  Baneling x6  
  143  8:55  Ravager  
  143  8:56  Hatchery, Baneling x3  
  143  8:57  Baneling x3  
  143  8:58  Overlord  
  143  8:59  Zergling x2  
  143  9:01  Overlord x2  
  143  9:02  Roach  
  147  9:03  Roach x8  
  147  9:04  Zergling x2  
  147  9:05  Zergling x2  
  147  9:07  Baneling x5  
  147  9:09  Queen  
  163  9:12  Corruptor  
  163  9:16  Overlord  
  167  9:18  Zergling x8  
  167  9:19  Overlord  
  167  9:22  Zergling x6  
  174  9:25  Corruptor  
  174  9:27  Corruptor  
  176  9:35  Baneling x3  
  176  9:36  Zergling x14  
  183  9:44  Roach x2, Zergling x6  
  183  9:45  Roach, Zergling x2  
  167  9:46  Roach, Zergling x2  
  167  9:50  Roach  
  167  9:55  Roach x2, Zergling x4  
  167  9:56  Roach  
  167  9:58  Roach  
  157  10:02  Roach  
  157  10:04  Roach  
  157  10:06  Roach, Zergling x2  
  151  10:11  Roach, Zergling x4  
  142  10:16  Roach, Zergling x2  
  142  10:18  Queen  
  142  10:20  Hive  
  142  10:21  Roach, Zergling x2  
  144  10:25  Roach, Zergling x2  
  139  10:29  Overseer  
  139  10:33  Roach, Zergling x2  
  134  10:42  Roach x2, Zergling x4  
  129  10:46  Roach, Zergling x2  
  124  10:53  Zergling x2  
  124  10:54  Roach x3, Zergling x4  
  131  10:58  Roach, Zergling x4  
  131  10:59  Roach  
  131  11:02  Roach x2, Zergling x2  
  137  11:07  Roach x2, Zergling x2  
  142  11:19  Baneling x4  
  142  11:20  Roach x3, Zergling x6  
  142  11:21  Roach  
  147  11:29  Corruptor x5  
  147  11:32  Roach x2, Zergling x6  
  164  11:33  Ravager x2  
  164  11:34  Baneling x2  
  164  11:35  Overlord, Baneling  
  166  11:41  Adrenal Glands  
  166  11:42  Overlord  
  166  11:44  Overlord  
  166  11:49  Baneling x2  
  166  11:50  Overlord  
  165  11:57  Zergling x20  
  165  12:00  Zergling x2  
  174  12:02  Queen, Zergling x6  
  174  12:07  Ultralisk Cavern  
  178  12:12  Zergling x14  
  185  12:20  Zergling x2  
  185  12:21  Zergling x18  
  194  12:29  Zerg Melee Weapons Level 3  
  192  12:32  Zergling x12  
  192  12:33  Zergling x2  
  192  12:35  Overlord  
  198  12:41  Baneling x5  
  198  12:42  Baneling x3  
  196  12:50  Roach x4, Zergling x10  
  177  12:52  Zergling x2  
  177  12:53  Roach  
  177  12:55  Roach, Zergling x2  
  177  12:57  Roach, Zergling x2  
  153  13:04  Roach  
  143  13:07  Roach x3, Zergling x4  
  132  13:15  Chitinous Plating  
  132  13:16  Overseer  
  130  13:22  Roach x3, Zergling x4  
  130  13:25  Overseer  
  132  13:27  Spore Crawler  
  132  13:29  Spore Crawler  
  132  13:31  Roach x3, Zergling x4  
  135  13:39  Ultralisk  
  138  13:42  Queen x2  
  142  13:50  Zergling x2  
  142  13:51  Zergling x14  
  142  13:53  Baneling x5  
  150  13:59  Ravager x3  
  136  14:16  Roach x3, Zergling x6  
  136  14:17  Zergling x16  
  127  14:31  Ultralisk x2  
  127  14:32  Zergling x2  
  125  14:44  Zergling x4  
  125  14:45  Zergling x18  
  133  14:49  Zergling x4  
  133  14:50  Zergling x2  
  111  15:01  Roach x3, Zergling x6  
  111  15:02  Zergling x2  
  107  15:13  Zergling x2  
  92  15:18  Roach, Zergling x4  
  78  15:25  Roach, Zergling x4  
  78  15:27  Zergling x2  
Show
View Real Time Build Order
Export as new Build Order

PRIMELOT Protoss - Winner!

Build Orders: 1 Gate Expand, Oracle Opening 

Get SALT Encoding   

  12  0:01  Probe (Chrono Boost)  
  13  0:11  Probe (Chrono Boost)  
  14  0:19  Pylon  
  14  0:22  Probe (Chrono Boost)  
  15  0:37  Probe (Chrono Boost)  
  15  0:41  Gateway  
  16  0:47  Probe (Chrono Boost)  
  17  0:58  Probe (Chrono Boost)  
  18  1:11  Nexus  
  18  1:18  Probe (Chrono Boost)  
  19  1:20  Assimilator  
  19  1:28  Probe (Chrono Boost), Assimilator  
  20  1:38  Cybernetics Core  
  20  1:40  Probe (Chrono Boost)  
  21  1:47  Pylon  
  21  1:52  Probe (Chrono Boost)  
  22  2:02  Probe (Chrono Boost)  
  23  2:13  Probe (Chrono Boost)  
  23  2:15  Adept (Chrono Boost)  
  26  2:16  Warp Gate  
  26  2:22  Probe  
  26  2:24  Probe  
  28  2:32  Probe  
  28  2:33  Stargate  
  28  2:37  Probe  
  30  2:41  Adept (Chrono Boost)  
  30  2:43  Probe  
  32  2:49  Probe  
  34  2:53  Probe  
  35  3:01  Probe  
  35  3:04  Probe  
  35  3:05  Stalker (Chrono Boost)  
  39  3:13  Probe  
  39  3:14  Probe  
  39  3:18  Oracle (Chrono Boost)  
  44  3:25  Probe x2  
  46  3:33  Pylon  
  46  3:40  Pylon  
  46  3:52  Probe x2  
  48  3:57  Oracle (Chrono Boost)  
  48  3:59  Nexus  
  48  4:02  Probe  
  51  4:04  Probe  
  51  4:13  Probe  
  50  4:19  Mothership Core (Chrono Boost)  
  50  4:23  Probe (Chrono Boost)  
  48  4:27  Assimilator  
  48  4:29  Assimilator  
  49  4:32  Adept  
  49  4:36  Probe (Chrono Boost)  
  51  4:45  Probe (Chrono Boost)  
  52  4:47  Probe (Chrono Boost)  
  53  4:55  Probe (Chrono Boost)  
  53  4:59  Probe (Chrono Boost)  
  54  5:05  Oracle (Chrono Boost)  
  54  5:06  Probe, Robotics Facility  
  58  5:08  Forge  
  58  5:09  Twilight Council  
  58  5:11  Probe  
  58  5:13  Gateway  
  59  5:15  Gateway  
  59  5:16  Sentry  
  59  5:18  Probe, Pylon  
  59  5:19  Probe  
  63  5:22  Probe  
  64  5:30  Probe x2  
  64  5:33  Probe  
  67  5:40  Pylon x2  
  67  5:41  Probe  
  67  5:42  Probe, Protoss Ground Weapons Level 1  
  69  5:43  Probe  
  69  5:47  Pylon, Assimilator  
  69  5:49  Adept  
  72  5:51  Probe, Assimilator  
  72  5:54  Probe  
  72  5:55  Probe  
  75  6:02  Probe  
  75  6:03  Warp Prism (Chrono Boost)  
  75  6:04  Probe  
  75  6:06  Charge (Chrono Boost)  
  75  6:07  Probe  
  78  6:12  Probe  
  78  6:15  Probe  
  80  6:19  Sentry, Probe  
  80  6:20  Gateway x2  
  80  6:24  Probe  
  84  6:25  Probe  
  84  6:27  Pylon  
  84  6:31  Probe  
  86  6:34  Gateway x2  
  86  6:36  Gateway, Probe  
  86  6:39  Phoenix  
  89  6:42  Stargate  
  89  6:45  Pylon  
  89  6:53  Adept x3  
  95  6:56  Immortal  
  95  6:57  Pylon x2  
  99  7:04  Phoenix (Chrono Boost)  
  101  7:14  Templar Archives  
  98  7:16  Pylon, Zealot x3  
  98  7:21  Pylon  
  104  7:25  Phoenix (Chrono Boost)  
  104  7:29  Phoenix (Chrono Boost)  
  108  7:34  Photon Cannon  
  108  7:37  Pylon  
  108  7:40  Protoss Ground Weapons Level 2  
  108  7:43  Adept  
  108  7:44  Adept x2  
  114  7:48  Phoenix (Chrono Boost)  
  114  7:49  Warp Prism  
  120  7:51  Phoenix (Chrono Boost)  
  118  8:00  Zealot  
  118  8:01  Zealot x3  
  126  8:06  Pylon  
  126  8:09  Phoenix (Chrono Boost)  
  130  8:13  Phoenix (Chrono Boost)  
  124  8:20  High Templar x2  
  124  8:24  Archon  
  124  8:25  Photon Cannon  
  128  8:31  Phoenix (Chrono Boost)  
  128  8:33  Photon Cannon  
  130  8:34  Phoenix (Chrono Boost)  
  130  8:35  Zealot x2  
  130  8:36  Zealot  
  135  8:53  Phoenix (Chrono Boost), High Templar  
  135  8:54  High Templar  
  141  8:55  Nexus  
  141  8:56  Phoenix (Chrono Boost)  
  141  8:58  Archon  
  141  8:59  Zealot x4  
  151  9:10  Stalker  
  151  9:11  Stalker  
  155  9:25  Stalker  
  155  9:26  Stalker x4  
  141  9:48  Zealot x3  
  141  9:57  Stalker  
  141  9:58  Stalker x4  
  117  10:12  Zealot x3  
  99  10:22  Zealot x5  
  99  10:25  Void Ray (Chrono Boost)  
  99  10:26  Void Ray (Chrono Boost)  
  97  10:48  Probe  
  97  10:49  Probe  
  95  10:52  Zealot  
  95  10:53  Zealot x7  
  95  10:55  Pylon  
  103  11:06  Void Ray x2 (Chrono Boost)  
  103  11:10  Assimilator  
  109  11:15  Stalker x3, Assimilator  
  115  11:28  High Templar x2  
  115  11:29  Zealot, High Templar x2  
  115  11:31  Photon Cannon  
  125  11:33  Archon x2  
  125  11:34  Immortal  
  125  11:36  Protoss Ground Weapons Level 3 (Chrono Boost)  
  129  11:43  Dark Shrine, Void Ray (Chrono Boost)  
  129  11:45  Pylon, Zealot x3  
  139  12:03  High Templar  
  139  12:04  High Templar x3  
  139  12:07  Archon  
  139  12:08  Archon  
  145  12:21  Void Ray  
  149  12:27  Warp Prism  
  149  12:28  Zealot, High Templar x2  
  149  12:29  Zealot  
  157  12:33  Archon  
  149  12:40  Zealot x4  
  136  12:55  Zealot x2  
  118  13:01  Dark Templar x3  
  118  13:02  Dark Templar x2  
  108  13:09  Immortal  
  102  13:20  Zealot  
  102  13:21  Zealot x2  
  108  13:35  Zealot x5  
  108  13:36  Void Ray x2  
  120  13:42  Archon  
  120  13:43  Dark Templar x2  
  120  13:44  Dark Templar  
  126  13:57  Zealot  
  126  13:58  Zealot x4  
  122  14:18  Zealot x7  
  122  14:19  Zealot  
  114  14:39  Immortal  
  114  14:40  High Templar x7  
  114  14:41  High Templar  
  114  14:45  Archon x3  
  134  14:46  Archon  
  120  15:12  Probe  
  120  15:13  Adept  
  123  15:14  Adept x7  
  121  15:36  Zealot  
  121  15:37  Zealot x7  

Tags
 
Add a new tag
Caveats
  • Supply blocks, unpowered buildings, or Contaminate may cause inaccurate times.
  • Supply counts are checked every 10 seconds.